 Dungeon Crawl Stone Soup version 0.31-a0-152-g6aa68a64a1 (webtiles) character file.

Game seed: 16948622095448372650

75 promet the Sneak (level 4, -1/28 HPs)
             Began as a Kobold Brigand on June 9, 2023.
             Slain by an orc priest
             ... wielding a +0 flail
              (2 damage)
             ... on level 5 of the Dungeon.
             The game lasted 00:09:56 (2483 turns).

promet the Sneak (Kobold Brigand)                   Turns: 2483, Time: 00:09:57

Health: -1/28      AC:  5    Str:  8    XL:     4   Next: 55%
Magic:  4/4        EV: 13    Int: 12    God:
Gold:   135        SH:  5    Dex: 18    Spells: 3/3 levels left

rFire   . . .        a - +0 rapier
rCold   . . .        (no shield)
rNeg    . . .        A - +0 leather armour
rPois   .            f - +0 helmet
rElec   .            c - +0 cloak
rCorr   .            (no gloves)
SInv    .            (no boots)
Will    .....        r - amulet of reflection
Stlth   ++++         (no ring)
HPRegen 0.24/turn    (no ring)
MPRegen 0.09/turn

%: reflection
@: about to teleport
A: small, no large weapons, nightstalker 3
a: no special abilities


You were on level 5 of the Dungeon.
You visited 1 branch of the dungeon, and saw 4 of its levels.

You collected 171 gold pieces.
You spent 36 gold pieces at shops.

Inventory:

Hand Weapons
 a - a +0 rapier (weapon)
 o - a +0 spear
 s - a +2 dagger
 t - a +1 dagger of electrocution
Missiles
 d - 9 poisoned darts (quivered)
 e - 3 curare-tipped darts
 i - 17 stones
Armour
 b - a +0 robe
 c - a +0 cloak (worn)
 f - a +0 helmet (worn)
 m - a +0 chain mail
 A - a +0 leather armour (worn)
Magical Staves
 x - a staff of earth
Jewellery
 r - an amulet of reflection (around neck)
Scrolls
 n - a scroll of torment {unknown}
 u - a scroll of butterflies {unknown}
 y - a scroll of acquirement {unknown}
Potions
 g - 2 potions of curing
 j - 2 potions of haste
 l - a potion of magic {unknown}
 q - a potion of mutation {unknown}
 v - a potion of heal wounds {unknown}
 w - a potion of resistance {unknown}
 z - a potion of might


   Skills:
 * Level 3.0 Fighting
 + Level 3.1 Short Blades
 + Level 2.4 Throwing
 + Level 1.5 Dodging
 + Level 6.8 Stealth


You had 3 spell levels left.
You didn't know any spells.
Your spell library contained the following spells:

 Spells                   Type           Power      Damage    Failure   Level
 Animate Armour           Summ/Erth      0%         N/A       99%         4
 Summon Lightning Spire   Summ/Air       0%         N/A       99%         4
 Blade Hands              Tmut           0%         N/A       100%        5


Dungeon Overview and Level Annotations

Branches:
Dungeon (3/15)             Temple (0/1) D:5

Altars:

Shops:
D:1 ?


Innate Abilities, Weirdness & Mutations

You are small and have problems with some larger weapons.
You are completely attuned to the shadows.


Message History

As you read the scroll labelled OMUIPR YBLESYU, it crumbles to dust.
It is a scroll of identify.
g - 2 potions of curing
As you read the scroll of identify, it crumbles to dust.
z - a potion of might
As you read the scroll labelled NOUSTR BAHEOGA, it crumbles to dust.
You feel aware of your surroundings.
It was a scroll of magic mapping.
An orc comes into view. It is wielding a +0 short sword.
An orc comes into view. It is wielding a +0 dagger.
Found 3 scrolls labelled BEUCWU KIRHIGE.
Found a scroll labelled TUPPEL CIJO.
An orc comes into view. It is wielding a +0 whip.
You see here a scroll labelled TUPPEL CIJO.
An orc comes into view. It is wielding a +0 trident.
The helpless orc fails to defend itself.
You impale the orc!!
You kill the orc!
An orc priest comes into view. It is wielding a +0 flail.
An orc priest comes into view. It is wielding a +0 dagger.
Found 13 gold pieces.
The orc hits you but does no damage. You block the orc's attack.
The orc hits you with a +0 trident.
You hit the orc priest but do no damage.
The orc priest shouts!
The orc priest barely misses you. The orc closely misses you.
You closely miss the orc priest. You block the orc's attack.
The orc priest hits you with a +0 dagger.
The orc priest hits you with a +0 flail.
As you read the scroll of teleportation, it crumbles to dust.
You feel strangely unstable.
The orc priest hits you but does no damage.
The orc priest invokes the aid of Beogh against you.
Beogh smites you! The orc hits you with a +0 trident.
* * * LOW HITPOINT WARNING * * *
The orc priest attacks as you move away!
The orc priest barely misses you. The orc hits you with a +0 trident.
* * * LOW HITPOINT WARNING * * *
The orc priest attacks as you move away!
The orc priest hits you with a +0 flail.
You die...

,,,*,* ,,,*,* ,,,*,*
****,********
,,,,,,,,,,,,#######
,,,,,,,,,,*,....$.#
,,,,,,,,,,,,......#
......,,******#ooo#
#o...o**#,,,,,##@.#
##...##..,~~~,,#..#
......?..~~~~~,#.)#
*#...##,,,~~~,,#..##
#.....###,,,,,##...#
........#######.?#.#
...#.............#.#
.############....#,#
** ####.#,*


You could see 2 orc priests and an orc.

Vanquished Creatures
  An adder (D:2)
  3 worms (D:2)
  An orc (D:5)
  6 ball pythons
  5 bats
  3 giant cockroaches
  4 goblins
  4 hobgoblins
  3 jackals (D:1)
  4 quokkas
  7 frilled lizards
  8 kobolds
  5 rats
54 creatures vanquished.

Notes
Turn   | Place    | Note
-------+----------+-------------------------------------------
     0 | D:1      | promet the Kobold Brigand began the quest for the Orb.
     0 | D:1      | Reached XP level 1. HP: 12/12 MP: 1/1
    13 | D:1      | Noticed a swamp drake
    13 | D:1      | Noticed a black bear
    14 | D:1      | Noticed a redback
   144 | D:1      | Reached XP level 2. HP: 18/18 MP: 2/2
   344 | D:1      | Reached skill level 6 in Stealth
   402 | D:1      | Reached XP level 3. HP: 22/22 MP: 3/3
   764 | D:1      | Noticed a komodo dragon
   853 | D:1      | Found Lanal's Magic Scroll Emporium.
   897 | D:1      | Bought a scroll of teleportation for 36 gold pieces
  1245 | D:2      | Reached XP level 4. HP: 27/27 MP: 4/4
  2452 | D:3      | You fall into a shaft and drop 2 floors!
  2452 | D:5      | Entered Level 5 of the Dungeon
  2482 | D:5      | HP: 1/28 [orc/+0 trident (3)]
  2483 | D:5      | Slain by an orc priest

Illustrated notes

Levels and vault maps discovered:
D:1:      onia_arrival_zoo_common, layout_loops_ring, serial_shops,
          nicolae_shop_gibbet_a_chance
D:2:      layout_loops_ring, kennysheep_generic_room_9
D:3:      layout_basic, gammafunk_ghost_smash, dk_noncrumbling_3, st_stairs_13
D:5:      minmay_evil_eye, layout_rooms, minmay_temple_entry_from_below_a,
          kennysheep_pointless_box, minmay_fire_ice_demons

Skill      XL: |  1  2  3  4 |
---------------+-------------+-----
Stealth        | 6 |  6.8
Short Blades   | 3 |  3.1
Fighting       | 3 |  3.0
Throwing       | |  2.4
Dodging        | |  1.5

Action                     |  1- 3 |  4- 6 || total
---------------------------+-------+-------++-------
  Melee: Dagger            |    85 |     7 ||    92
         Rapier            |       |    47 ||    47
    Use: Scroll            |       |     4 ||     4
         Potion            |       |     1 ||     1
   Stab: Sleeping          |    18 |    10 ||    28
 Armour: Robe              |    13 |     4 ||    17
         Leather armour    |       |     2 ||     2
  Dodge: Dodged            |    57 |    22 ||    79
  Block: Other             |       |     5 ||     5

Table legend: (Time is in decaauts)
 A = Elapsed time spent in this place.
 B = Non-inter-level travel time spent in this place.
 C = Inter-level travel time spent in this place.
 D = Time resting spent in this place.
 E = Time spent auto-exploring this place.
 F = Levels seen in this place.
 G = Mean time per level.
                   A        B        C        D        E       F      G
               +--------+--------+--------+--------+--------+-----+--------+
         Total |   2457 |   2429 |     28 |    540 |    649 |   4 |  614.2 |
       Dungeon |   2457 |   2429 |     28 |    540 |    649 |   4 |  614.2 |
               +--------+--------+--------+--------+--------+-----+--------+

Top non-repeatable levels by time:
     D:2: 1331 daAuts
     D:1: 1015 daAuts
     D:3: 79 daAuts
     D:5: 30 daAuts
